 Dungeon Crawl Stone Soup version 0.28-a0-537-g3bccd9ccbf (webtiles) character file.

Game seed: 9794635862735819725

22 runemasterragnar the Magician (level 3, 0/26 HPs)
             Began as a Djinni Hedge Wizard on Sept 28, 2021.
             Slain by a kobold (5 damage)
             ... on level 1 of the Dungeon.
             The game lasted 00:01:53 (1348 turns).

runemasterragnar the Magician (Djinni Hedge Wizard) Turns: 1348, Time: 00:01:54

Health: 0/26       AC:  3    Str: 10    XL:     3   Next: 7%
Gold:   111        EV: 12    Int: 15    God:
                   SH:  0    Dex: 12

rFire   + + .      SeeInvis .   (no weapon)
rCold   . . .      Faith    .   (no shield)
rNeg    + . .      Spirit   .   b - +0 robe
rPois   ∞          Reflect  .   k - +0 helmet
rElec   .          Harm     .   (no cloak)
rCorr   .          Rampage  .   (no gloves)
Will    .....                   (boots unavailable)
Stlth   ++........              (no amulet)
HPRegen 0.08/turn               f - ring of positive energy
MPRegen 0.00/turn               g - ring of protection from cold

@: flying
A: sickness immunity, fire resistance 2, cold vulnerability 1, float, innate
caster, hp casting, extra vitality 1
a: no special abilities


You were on level 1 of the Dungeon.
You visited 1 branch of the dungeon, and saw 2 of its levels.

You collected 111 gold pieces.

Inventory:

Hand Weapons
 a - a +0 dagger
Armour
 b - a +0 robe (worn)
 c - a +0 hat
 k - a +0 helmet (worn)
Jewellery
 f - a ring of positive energy (left hand)
 g - a ring of protection from cold (right hand)
Scrolls
 d - a scroll of acquirement
 i - a scroll of torment {unknown}
 j - a scroll of identify {unknown}


   Skills:
 + Level 0.8 Fighting
 + Level 2.5 Dodging
 + Level 1.9 Stealth
 * Level 2.7 Spellcasting


You couldn't memorise any spells.
You knew the following spells:

 Your Spells              Type           Power      Damage    Failure   Level
a - Magic Dart            Conj           40%        1d5       7%          1
b - Blink                 Tloc           N/A        N/A       10%         2
c - Call Imp              Summ           10%        N/A       10%         2
d - Slow                  Hex            10%        N/A       10%         2
e - Conjure Flame         Conj/Fire      10%        6-21      21%         3
f - Mephitic Cloud        Conj/Pois/Air  10%        N/A       21%         3
g - Summon Small Mammal   Summ           40%        N/A       7%          1
Your spell library was empty.

Dungeon Overview and Level Annotations

Branches:
Dungeon (2/15)

Altars:
Fedhas


Innate Abilities, Weirdness & Mutations

You are immune to sickness and miasma.
You are immune to poison.
Your flesh is very heat resistant. (rF++)
You are vulnerable to cold. (rC-)
You float through the air rather than walking.
You learn spells naturally, not from books.
Your magical power is your life essence.
You have superior vitality. (+4 HP)


Message History

The ball python grabs you. The ball python constricts you.
You smack the ball python!
You kill the ball python!
You hit the rat.
The rat is moderately wounded.
The rat bites you but does no damage.
You smack the rat!
You kill the rat!
You hit the rat.
You kill the rat!
You smack the hobgoblin!
You kill the hobgoblin!
You hit the endoplasm.
The endoplasm is lightly wounded.
The endoplasm hits you.
* * * LOW HITPOINT WARNING * * *
You smack the endoplasm!
You kill the endoplasm!
You have reached level 3!
Your experience leads to an increase in your attributes!
Increase (S)trength, (I)ntelligence, or (D)exterity?
You feel stronger.
The power to cast Summon Small Mammal wells up from within.
Spell assigned to 'g'.
You smack the goblin!
You kill the goblin!
You feel less wooden.
Your +0 helmet unmelds from your body.
Your +0 robe unmelds from your body.
Really attack while wielding nothing? [Y]es or [N]o only, please.
Really attack while wielding nothing? [Y]es or [N]o only, please.
Really attack while wielding nothing?
Okay, then.
Okay, then.
You aren't carrying any potions.
This is a scroll of acquirement!
Something appears before you!
The kobold hits you with a +0 short sword.
You die...

######........(.##.##
# ##.........##.#
#............#
+#........#######
##.............#
###......####.#
####...####.####
###...$......
#@##.#.#### #K##.#.#
#g.....# #.#.##.#
##### ###......#
#...####...#.####
######...##.#.........
............g........#
.........#...?...##.#


You could see a goblin and a kobold.

Vanquished Creatures
  A dart slug (D:1)
  2 ball pythons
  4 bats
  An endoplasm (D:1)
  A giant cockroach (D:2)
  2 goblins
  2 hobgoblins
  2 frilled lizards (D:2)
  4 rats
19 creatures vanquished.

Notes
Turn   | Place    | Note
-------+----------+-------------------------------------------
     0 | D:1      | runemasterragnar the Djinni Hedge Wizard began the quest
                  | for the Orb.
     0 | D:1      | Reached XP level 1. HP: 15/15 MP: 0/0
   390 | D:1      | You are sucked into a shaft and drop 1 floor!
   466 | D:2      | Reached XP level 2. HP: 19/22 MP: 0/0
   693 | D:2      | Found a blossoming altar of Fedhas.
  1347 | D:1      | Reached XP level 3. HP: 7/26 MP: 0/0
  1347 | D:1      | Learned a level 1 spell: Summon Small Mammal
  1348 | D:1      | Identified 2 scrolls of acquirement
  1348 | D:1      | Acquired 957 gold pieces
  1348 | D:1      | Slain by a kobold

Illustrated notes

Levels and vault maps discovered:
D:1:      dpeg_cavernosity, layout_loops_cross
D:2:      layout_loops_ring, basic_altar

Action                   || total
-------------------------++-------
Melee: Unarmed           ||    14
       Dagger            ||     2
 Cast: Magic Dart        ||    34
       Blink             ||     1
  Use: Potion            ||     2
       Scroll            ||     1
Armor: Skin              ||    15
       Robe              ||     9
Dodge: Dodged            ||    15

Table legend: (Time is in decaauts)
 A = Elapsed time spent in this place.
 B = Non-inter-level travel time spent in this place.
 C = Inter-level travel time spent in this place.
 D = Time resting spent in this place.
 E = Time spent auto-exploring this place.
 F = Levels seen in this place.
 G = Mean time per level.
                   A        B        C        D        E       F      G
               +--------+--------+--------+--------+--------+-----+--------+
         Total |   1346 |   1346 |      0 |    284 |    920 |   2 |  673.0 |
       Dungeon |   1346 |   1346 |      0 |    284 |    920 |   2 |  673.0 |
               +--------+--------+--------+--------+--------+-----+--------+

Top non-repeatable levels by time:
     D:2: 917 daAuts
     D:1: 428 daAuts
